 Dungeon Crawl Stone Soup version 0.29-a0-817-g9904bce7a6 (webtiles) character file.

Game seed: 3932907510866153244

246 LynnLen the Covert (level 5, -5/28 HPs)
             Began as a Vampire Enchanter on July 6, 2022.
             Slain by a wight
             ... wielding a +4 battleaxe of freezing
              (14 damage)
             ... on level 6 of the Dungeon.
             The game lasted 00:16:53 (4673 turns).

LynnLen the Covert (Vampire Enchanter)              Turns: 4673, Time: 00:16:56

Health: -5/28      AC:  4    Str:  7    XL:     5   Next: 84%
Magic:  6/8        EV: 12    Int: 17    God:
Gold:   81         SH:  0    Dex: 17    Spells: 2/8 levels left

rFire   . . .      SeeInvis +   a - +2 dagger
rCold   + + .      Faith    .   (no shield)
rNeg    + + +      Spirit   .   f - +1 leather armour
rPois   ∞          Reflect  .   (no helmet)
rElec   .          Harm     .   (no cloak)
rCorr   .          Rampage  .   (no gloves)
Will    .....                   (no boots)
Stlth   ++++++....              (no amulet)
HPRegen 0.00/turn               (no ring)
MPRegen 0.11/turn               (no ring)

@: mighty, bloodless, inhibited regen
A: bloodless, fangs 3, see invisible, vampiric 2
a: Bat Form, Revivify


You were on level 6 of the Dungeon.
You visited 1 branch of the dungeon, and saw 6 of its levels.

You collected 131 gold pieces.
You spent 50 gold pieces at shops.

Inventory:

Hand Weapons
 a - a +2 dagger (weapon)
Armour
 f - a +1 leather armour (worn)
Jewellery
 n - a ring of ice
Scrolls
 d - a scroll of immolation
 e - a scroll of blinking
 g - 2 scrolls of teleportation
 i - a scroll of poison
 l - 3 scrolls of amnesia
Potions
 b - a potion of resistance
 c - a potion of invisibility
 j - a potion of haste
 m - a potion of brilliance {unknown}


   Skills:
 + Level 3.4 Short Blades
 + Level 2.6 Dodging
 * Level 8.2 Stealth
 * Level 2.4 Spellcasting
 + Level 4.6 Hexes


You had 2 spell levels left.
You knew the following spells:

 Your Spells              Type           Power      Damage    Failure   Level
a - Confusing Touch       Hex            18%        N/A       12%         3
b - Tukima's Dance        Hex            18%        N/A       12%         3

Your spell library contained the following spells:

 Spells                   Type           Power      Damage    Failure   Level
 Ensorcelled Hibernation  Hex/Ice        20%        N/A       16%         2
 Summon Small Mammal      Summ           8%         N/A       28%         1
 Dazzling Flash           Conj/Hex       20%        N/A       32%         3
 Portal Projectile        Hex/Tloc       20%        N/A       32%         3
 Summon Guardian Golem    Hex/Summ       10%        N/A       32%         3
 Call Canine Familiar     Summ           2%         N/A       63%         3
 Blade Hands              Tmut           1%         N/A       100%        5


Dungeon Overview and Level Annotations

Branches:
Dungeon (6/15)             Temple (0/1) D:6

Altars:

Shops:
D:2 (   D:3 =   D:4 *[(


Innate Abilities, Weirdness & Mutations

You do not regenerate when monsters are visible.
You are frail without blood (-20% HP).
You can heal yourself when you bite living creatures.
You are immune to poison.
You have razor-sharp teeth.
You have supernaturally acute eyesight. (SInv)
You are afflicted with vampirism and can become a bat while bloodless.


Message History

An ogre comes into view. It is wielding a +0 giant club.
An ice beast comes into view.
Found a stone staircase leading down.
The ogre shouts!
The iguana hisses angrily.
The iguana bites you.
You hit the iguana. You bite the iguana.
You draw the iguana's blood!
You feel better.
The iguana is lightly wounded.
The iguana bites you! The iguana attacks as you move away!
The iguana barely misses you. The iguana attacks as you move away!
The iguana misses you.
There is a stone staircase leading down here.
The iguana closely misses you.
You climb downwards.
Found 16 gold pieces.
There is a stone staircase leading up here.
Casting: Confusing Touch (quite dangerous; 12% risk of failure)
Confirm with . or Enter, or press ? or * to list all spells.
The spell is quite dangerous to miscast (12% risk of failure)!
Continue anyway?
Your hands begin to glow red.
The iguana bites you!
You hit the iguana but do no damage.
The iguana is lightly wounded.
You hit the iguana but do no damage.
The iguana appears confused.
The iguana is lightly wounded.
You feel very mighty all of a sudden.
Found a staircase to the Ecumenical Temple.
You puncture the iguana!
The iguana is severely wounded.
You puncture the iguana!
You kill the iguana! 3 wights come into view.
A wight is wielding a +4 battleaxe of freezing.
Found 16 gold pieces.
Blink to where?
Press: ? - help, Dir - move target
Found 20 gold pieces.
As you read the scroll of blinking, it crumbles to dust.
The wight hits you with a +4 battleaxe of freezing!
Ouch! That really hurt!
You die...

..... ..... #
...... ..##
..... $..##
##...###...##
..zz.....$. #
#.....# .###
#..@..###...#
..#..z..#...#
.......§...#
##...###...##
##...#....#
..#..#..#.#
...$....†.#
...........#
.......<..#


You could see 3 wights.

Vanquished Creatures
  A wight (D:4)
  A jelly (D:5)
  2 iguanas
  2 adders
  A white imp (D:4)
  An ufetubus (D:5)
  4 worms
  2 dart slugs
  An orc (D:5)
  6 bats
  5 endoplasms
  4 giant cockroaches
  6 goblins
  3 hobgoblins
  4 jackals (D:3)
  3 quokkas
  4 ball pythons
  2 frilled lizards (D:1)
  6 kobolds
  9 rats
67 creatures vanquished.

Notes
Turn   | Place    | Note
-------+----------+-------------------------------------------
     0 | D:1      | LynnLen the Vampire Enchanter began the quest for the Orb.
     0 | D:1      | Reached XP level 1. HP: 13/13 MP: 3/3
   310 | D:1      | Reached skill level 5 in Stealth
   310 | D:1      | Reached XP level 2. HP: 15/15 MP: 5/5
   770 | D:1      | Found a faded altar of an unknown god.
  1460 | D:1      | Gained mutation: You are afflicted with vampirism and can
                  | become a bat while bloodless. [Vampire growth]
  1460 | D:1      | Reached XP level 3. HP: 19/19 MP: 6/6
  1669 | D:2      | Found Ocsemada's Weapon Emporium.
  1676 | D:2      | Reached skill level 6 in Stealth
  1914 | D:2      | Learned a level 3 spell: Confusing Touch
  1918 | D:2      | Learned a level 3 spell: Tukima's Dance
  2553 | D:3      | Reached XP level 4. HP: 8/24 MP: 7/7
  3221 | D:3      | Found Amyeshi's Jewellery Shop.
  3651 | D:4      | Found Ziesh's General Store.
  3659 | D:4      | Bought a potion of heal wounds for 50 gold pieces
  3721 | D:4      | Reached skill level 7 in Stealth
  3926 | D:4      | Found Keijauxeno's Antique Weapon Emporium.
  4059 | D:4      | Found Difyarph's Armour Shop.
  4096 | D:4      | Reached XP level 5. HP: 28/28 MP: 8/8
  4205 | D:5      | Entered Level 5 of the Dungeon
  4371 | D:5      | Noticed a black bear
  4517 | D:5      | Reached skill level 8 in Stealth
  4651 | D:5      | Noticed an ogre
  4652 | D:5      | Noticed an ice beast
  4665 | D:6      | Found a staircase to the Ecumenical Temple.
  4673 | D:6      | Slain by a wight

Illustrated notes

Levels and vault maps discovered:
D:1:      minmay_arrival_four_loops, layout_basic,
          shapermc_ecumenical_altar_totnotflames,
          nicolae_concentric_dashed_squares_wild
D:2:      layout_basic, serial_shops, shop
D:3:      layout_basic, serial_shops, shop
D:4:      layout_gridville, serial_shops, nicolae_shop_stone, shop_fountains,
          shop, nicolae_square_shop, gup_sewer_entry_spiral
D:5:      layout_rooms, regret_index_temple_of_mockery, feat_on_display
D:6:      layout_basic, minmay_temple_entry_tees, serial_rivers,
          chequers_serial_rivers_micro_c, chequers_serial_rivers_micro_c,
          chequers_serial_rivers_micro_d, chequers_serial_rivers_large_a,
          chequers_serial_rivers_small_3, chequers_serial_rivers_marsh

Skill      XL: |  1  2  3  4  5 |
---------------+----------------+-----
Stealth        | 5 6 7 8 |  8.2
Short Blades   | 2 3 |  3.4
Dodging        | |  2.6
Spellcasting   | |  2.4
Hexes          | |  4.6

Action                   |  1- 3 |  4- 6 || total
-------------------------+-------+-------++-------
Melee: Dagger            |   120 |    81 ||   201
       Bite              |    13 |    10 ||    23
       Punch             |       |     1 ||     1
 Cast: Confusing Touch   |       |     3 ||     3
 Abil: Exsanguinate      |     1 |       ||     1
  Use: Scroll            |     8 |     4 ||    12
       Potion            |       |     4 ||     4
 Stab: Sleeping          |    24 |     7 ||    31
       Confused          |       |     1 ||     1
Armor: Robe              |     7 |       ||     7
       Leather armour    |    12 |    14 ||    26
Dodge: Dodged            |    61 |    29 ||    90

Table legend: (Time is in decaauts)
 A = Elapsed time spent in this place.
 B = Non-inter-level travel time spent in this place.
 C = Inter-level travel time spent in this place.
 D = Time resting spent in this place.
 E = Time spent auto-exploring this place.
 F = Levels seen in this place.
 G = Mean time per level.
                   A        B        C        D        E       F      G
               +--------+--------+--------+--------+--------+-----+--------+
         Total |   4658 |   4658 |      0 |    980 |   2433 |   6 |  776.3 |
       Dungeon |   4658 |   4658 |      0 |    980 |   2433 |   6 |  776.3 |
               +--------+--------+--------+--------+--------+-----+--------+

Top non-repeatable levels by time:
     D:1: 1519 daAuts
     D:3: 1138 daAuts
     D:2: 984 daAuts
     D:4: 551 daAuts
     D:5: 452 daAuts
     D:6: 12 daAuts
